 Dungeon Crawl Stone Soup version 0.32-a0-933-ga8fa3634e4 (webtiles) character file.

Game seed: 1091536609371229211

3479 ezpacito the Trooper (level 10, -20/74 (76) HPs)
             Began as a Coglin Chaos Knight on Apr 14, 2024.
             Was a Plaything of Xom.
             Demolished by a komodo dragon (27 damage)
             ... on level 8 of the Dungeon.
             The game lasted 00:13:14 (6873 turns).

ezpacito the Trooper (Coglin Chaos Knight)          Turns: 6873, Time: 00:13:15

HP:   -20/74 (76)   AC: 13    Str: 19    XL:     10   Next: 7%
MP:   13/13         EV:  8    Int: 13    God:    Xom [.....*]
Gold: 180           SH:  4    Dex: 13    Spells: 0/14 levels left

rFire   x . .        o - +4 mace "Leityocs" {freeze, rF- rCorr Str+3}
rCold   . . .        g - +4 spear (venom) {Navbir}
rNeg    . . .        s - +0 chain mail
rPois   .            (helmet restricted)
rElec   .            L - +0 cloak
rCorr   +            i - +0 pair of gloves
SInv    +            k - +0 pair of boots
Will    ++...        (amulet unavailable) Stlth
                     (ring unavailable)
HPRegen 0.32/turn    (ring unavailable)
MPRegen 0.13/turn    (no gizmo)

%: no passive effects
@: lightly drained, revved
A: off-hand wielding, slow wielding, warmup strikes, no jewellery, horns 1,
large bone plates 1, see invisible, strong-willed 2, mutation resistance 1,
screaming 1
a: Invent Gizmo, Renounce Religion


You were on level 8 of the Dungeon.
You worshipped Xom.
You were Xom's teddy bear.
You visited 2 branches of the dungeon, and saw 9 of its levels.
You also visited: Sewer.

You collected 536 gold pieces.
You spent 356 gold pieces at shops.

Inventory:

Hand Weapons
 a - a +0 hand axe of chaos {Ekveer}
 g - a +4 spear of venom (offhand) {Navbir}
 o - the +4 mace "Leityocs" (weapon) {freeze, rF- rCorr Str+3}
   (You found it on level 2 of the Dungeon)

   Str+3:     It affects your strength (+3).
   rF-:       It makes you vulnerable to fire.
   rCorr:     It protects you from acid and corrosion.
 G - a +0 trident
Missiles
 f - 13 atropa-tipped darts (quivered)
 j - 7 poisoned darts
 n - 2 throwing nets
 p - 9 javelins
 H - a curare-tipped dart
 I - 8 boomerangs
Armour
 b - a +0 helmet
 h - a +0 troll leather armour {Pargi}
 i - a +0 pair of gloves (worn)
 k - a +0 pair of boots (worn)
 l - a +0 plate armour
 s - a +0 chain mail (worn)
 L - a +0 cloak (worn)
Magical Staves
 d - a staff of alchemy
 r - a staff of death
Wands
 c - a wand of iceblast (16)
 w - a wand of flame (37)
 y - a wand of charming (12)
 D - a wand of digging (6)
 F - a wand of acid (6)
Scrolls
 e - 4 scrolls of noise
 m - 2 scrolls of amnesia
 t - 4 scrolls of teleportation
 u - 3 scrolls of acquirement
 v - 2 scrolls of poison
 A - a scroll of enchant weapon
 C - a scroll of enchant armour
 E - 2 scrolls of revelation
Potions
 q - a potion of curing
 x - 2 potions of enlightenment
 z - 4 potions of lignification
 B - a potion of mutation
 J - a potion of magic
 N - a potion of might {unknown}
Miscellaneous
 M - a phantom mirror


   Skills:
 * Level 5.9 Fighting
 * Level 5.7(6.5) Axes
 * Level 4.2(5.4) Polearms
 + Level 2.9 Throwing
 * Level 4.7 Armour
 * Level 4.3 Dodging
 + Level 3.1 Stealth
 + Level 1.4 Unarmed Combat
 + Level 2.6 Spellcasting
 + Level 0.1 Summonings
 + Level 3.0 Necromancy
 + Level 0.0 Ice Magic
 + Level 0.1 Earth Magic
 + Level 3.2 Alchemy
 + Level 3.9 Evocations


You couldn't memorise any spells.
You knew the following spells:

 Your Spells              Type           Power      Damage    Failure   Level
a - Leda's Liquefaction   Alch/Erth      3%         N/A       100%        4
b - Monstrous Menagerie   Summ           0%         N/A       100%        7
c - Summon Ice Beast      Ice/Summ       1%         N/A       99%         3

Your spell library contained the following spells:

 Spells                   Type           Power      Damage    Failure   Level
 Lee's Rapid Deconstruct  Erth           1%         3d4*      100%        5
 Summon Mana Viper        Hex/Summ       1%         N/A       100%        5
 Conjure Ball Lightning   Conj/Air       0%         3x3d6     100%        6
 Permafrost Eruption      Ice/Erth       0%         2x4d1     100%        6
 Discord                  Hex            0%         N/A       100%        8
 Disjunction              Tloc           0%         N/A       100%        8


Dungeon Overview and Level Annotations

Branches:
Dungeon (8/15)             Temple (1/1) D:4            Lair (0/5) D:8
  Sewer (visited)

Altars:
Cheibriados
Elyvilon
Fedhas
Gozag
Hepliaklqana
Makhleb
Nemelex Xobeh
Okawaru
Qazlal
Ru
Sif Muna
Uskayaw
Vehumet
Wu Jian
Xom
Zin
The Shining One

Shops:
D:8 *

Annotations:
D:6 3 runed translucent doors, Biggs's ghost, novice VSBr


Innate Abilities, Weirdness & Mutations

You can wield a second weapon in your off-hand.
It takes a long time for you to wield or remove held weapons.
Your first few attacks do less damage.
You cannot equip rings or amulets.
You have a pair of small horns on your head.
You are partially covered in large bone plates. (SH +4)
You have supernaturally acute eyesight. (SInv)
You are highly strong-willed. (Will++)
You are somewhat resistant to further mutation.
You occasionally shout uncontrollably at your foes.


Message History

The komodo dragon is poisoned.
The komodo dragon bites you but does no damage.
You hit the komodo dragon but do no damage.
You headbutt the komodo dragon, but do no damage.
The komodo dragon is lightly wounded.
You hit the komodo dragon but do no damage.
The komodo dragon bites you! The komodo dragon barely misses you.
You take 14 damage, and have 58/74 hp.
You hit the komodo dragon with the +4 mace "Leityocs".
The komodo dragon seems to slow down.
You freeze the komodo dragon. Your headbutt misses the komodo dragon.
The komodo dragon is moderately wounded.
You hit the komodo dragon but do no damage.
You hit the komodo dragon but do no damage.
You headbutt the komodo dragon.
The komodo dragon is moderately wounded.
You hit the komodo dragon with your +4 spear of venom.
The komodo dragon is no longer moving slowly.
The komodo dragon bites you!
You take 17 damage, and have 41/74 hp.
MASSIVE DAMAGE!!
You barely miss the komodo dragon with the +4 mace "Leityocs".
You headbutt the komodo dragon!
The komodo dragon is heavily wounded.
You hit the komodo dragon with your +4 spear of venom.
The komodo dragon bites you!
You take 9 damage, and have 32/74 hp.
The komodo dragon attacks as it pursues you!
The komodo dragon bites you!!
* * * LOW HITPOINT WARNING * * *
You take 25 damage, and have 7/74 hp.
MASSIVE DAMAGE!!
Okay, then.
Aiming: Corrosive Bolt
Press: ? - help, Shift-Dir - straight line, f - wight
Aim: a wight, wielding a +3 flail and wearing a +0 robe (74% to hit)
The bolt of acid misses the komodo dragon.
The bolt of acid hits the wight!
The wight is almost destroyed.
The komodo dragon bites you!!
You die...
Xom thinks this is hilarious!

####....###............#
#....#................####
##..##>#####..[............<
#...#### #################
#P....# ## PP.....#### ##.
PPP....#..# #############..
PPPP.....#####.............#
PPP..P...zl@...........#####
PPP......#####.........#
....P.)### ###########
.>..PP. ......#


PPP.P) PPPPP# ##### You could see a komodo dragon (poisoned) and a wight.

Vanquished Creatures
  Maurice (D:7)
  Grinder (D:6)
  A naga (D:4)
  Pargi (Sewer)
  2 orc warriors
  2 ice beasts (D:6)
  A black bear (D:5)
  An ogre (D:6)
  A phantom (D:6)
  5 bullfrogs
  A kobold brigand (Sewer)
  A brain worm (Sewer)
  A gnoll sergeant (D:5)
  3 scorpions
  10 wights
  A bombardier beetle (D:4)
  2 hounds (D:4)
  4 orc priests
  A sleepcap (D:4)
  4 iguanas
  Terence (D:3)
  Natasha (thrice) (D:3)
  7 orc wizards
  Robin (D:3)
  10 adders
  5 gnolls (D:5)
  2 ufetubi (D:7)
  2 dart slugs
  A ribbon worm (D:4)
  15 orcs
  A bat (D:3)
  4 endoplasms
  3 giant cockroaches (D:1)
  15 goblins
  10 hobgoblins
  2 jackals (D:3)
  3 quokkas
  7 ball pythons
  2 frilled lizards
  10 kobolds
  3 rats
151 creatures vanquished.

Vanquished Creatures (others)
  A hobgoblin (D:2)
  A kobold (D:2)
2 creatures vanquished.

Grand Total: 153 creatures vanquished

Notes
Turn   | Place    | Note
-------+----------+-------------------------------------------
     0 | D:1      | ezpacito the Coglin Chaos Knight began the quest for the
                  | Orb.
     0 | D:1      | Reached XP level 1. HP: 18/18 MP: 1/1
    76 | D:1      | Reached skill level 1 in Dodging
    99 | D:1      | Reached XP level 2. HP: 17/24 MP: 2/2
   180 | D:1      | XOM: potion effect (might)
   437 | D:2      | Reached XP level 3. HP: 27/29 MP: 3/3
   711 | D:2      | Identified the +4 mace "Leityocs" {freeze, rF- rCorr Str+3}
  1079 | D:2      | Reached skill level 1 in Polearms
  1131 | D:2      | Reached XP level 4. HP: 35/35 MP: 4/4
  1499 | D:3      | Found a glowing golden altar of the Shining One.
  1580 | D:3      | Noticed Terence
  1587 | D:3      | Killed Terence
  1658 | D:3      | Noticed Robin
  1663 | D:3      | Gained mutation: Your movements are slightly less
                  | encumbered by armour. (ER -2) [potion of mutation]
  1663 | D:3      | Gained mutation: You are partially covered in large bone
                  | plates. (SH +4) [potion of mutation]
  1671 | D:3      | Killed Robin
  1743 | D:3      | Reached XP level 5. HP: 41/41 MP: 5/5
  1885 | D:3      | XOM: 1-stop teleportation journey
  1934 | D:3      | Noticed Natasha
  1940 | D:3      | Killed Natasha
  1941 | D:3      | Reached skill level 1 in Stealth
  2129 | D:3      | XOM: summons 3 hostile demons
  2130 | D:3      | Noticed a rust devil
  2223 | D:4      | Found a glowing silver altar of Zin.
  2325 | D:3      | Noticed Natasha
  2333 | D:3      | Killed Natasha
  2334 | D:3      | Reached skill level 1 in Alchemy
  2334 | D:3      | Reached skill level 1 in Evocations
  2334 | D:3      | Reached XP level 6. HP: 36/48 MP: 7/7
  2386 | D:3      | XOM: silly message
  2418 | D:3      | Noticed Natasha
  2422 | D:3      | XOM: cast spell 'Olgreb's Toxic Radiance'
  2424 | D:3      | Killed Natasha
  2476 | D:4      | XOM: noise
  2488 | D:4      | Found a staircase to the Ecumenical Temple.
  2496 | Temple   | Entered the Ecumenical Temple
  2544 | D:4      | Reached skill level 1 in Throwing
  2544 | D:4      | Reached skill level 1 in Spellcasting
  2596 | D:4      | XOM: divination: detect items
  2601 | D:4      | Reached skill level 1 in Necromancy
  2610 | D:4      | a jelly changed into a naga
  2610 | D:4      | Noticed a naga
  2610 | D:4      | XOM: polymorph jelly -> naga
  2616 | D:4      | Killed a naga
  2617 | D:4      | Reached XP level 7. HP: 31/54 MP: 8/8
  3226 | D:4      | XOM: give mutations
  3226 | D:4      | Gained mutation: You occasionally shout uncontrollably at
                  | your foes. [Xom's mischief]
  3226 | D:4      | Gained mutation: You are strong-willed. (Will+) [Xom's
                  | mischief]
  3226 | D:4      | Lost mutation: Your movements are slightly less encumbered
                  | by armour. (ER -2) [Xom's mischief]
  3247 | D:4      | XOM: stat loss: -1 Dex (12/13)
  3301 | D:5      | Entered Level 5 of the Dungeon
  3303 | D:5      | Identified 3 scrolls of acquirement
  3315 | D:5      | XOM: divination: detect items
  3356 | D:5      | Found a glowing drain.
  3360 | Sewer    | Entered a sewer
  3360 | Sewer    | Noticed Pargi
  3368 | Sewer    | XOM: divination: magic mapping
  3369 | Sewer    | Killed Pargi
  3617 | Sewer    | Reached XP level 8. HP: 53/61 MP: 10/10
  3685 | D:5      | XOM: give mutation
  3685 | D:5      | Gained mutation: You have supernaturally acute eyesight.
                  | (SInv) [Xom's grace]
  3740 | D:5      | XOM: god gift: phantom mirror
  3885 | D:5      | XOM: scenery: summon butterflies
  3991 | D:5      | Found a blossoming altar of Fedhas.
  4292 | D:5      | XOM: god gift: chain mail {god gift}
  4502 | D:5      | XOM: scenery: create altars
  4581 | D:6      | XOM: cast spell 'Dispersal'
  4583 | D:6      | XOM: butterfly on damage
  4605 | D:6      | Noticed Grinder
  4614 | D:6      | XOM: confuse monster(s)
  4617 | D:6      | Killed Grinder
  4628 | D:6      | Reached skill level 5 in Fighting
  4718 | D:6      | XOM: enchant monster (good)
  4730 | D:6      | Reached XP level 9. HP: 68/68 MP: 12/12
  4743 | D:6      | XOM: confuse monster(s)
  4746 | D:6      | Reached skill level 5 in Axes
  4864 | D:6      | Found a radiant altar of Vehumet.
  4894 | D:6      | Found a runed translucent gate.
  4894 | D:6      | Found a runed translucent gate.
  4900 | D:6      | Found a runed translucent gate.
  4902 | D:6      | XOM: give mutations
  4902 | D:6      | Gained mutation: You have a pair of small horns on your
                  | head. [Xom's grace]
  4902 | D:6      | Gained mutation: You are highly strong-willed. (Will++)
                  | [Xom's grace]
  4902 | D:6      | Gained mutation: You are somewhat resistant to further
                  | mutation. [Xom's grace]
  5075 | D:6      | Noticed Biggs's ghost (novice VSBr)
  5282 | D:7      | XOM: 1-stop teleportation journey
  5381 | D:7      | Found a burning altar of Makhleb.
  5595 | D:7      | Noticed Maurice
  5601 | D:7      | Maurice stole a phantom mirror
  5606 | D:7      | XOM: 1-stop teleportation journey
  5854 | D:7      | Maurice stole 3 throwing nets
  5856 | D:7      | Maurice stole a staff of death
  5863 | D:7      | Killed Maurice
  5864 | D:7      | Reached skill level 1 in Unarmed Combat
  5965 | D:8      | XOM: noise
  6021 | D:7      | XOM: 2-stop teleportation journey
  6129 | D:7      | XOM: silly message
  6294 | D:7      | XOM: god gift: battleaxe {god gift}
  6456 | D:8      | Reached XP level 10. HP: 18/69 MP: 13/13
  6667 | D:8      | Found Xegofota's Assorted Antiques.
  6678 | D:8      | Bought a pair of gloves for 103 gold pieces
  6678 | D:8      | Bought a potion of mutation for 184 gold pieces
  6678 | D:8      | Bought a scroll of teleportation for 69 gold pieces
  6836 | D:8      | Learned a level 3 spell: Summon Ice Beast
  6841 | D:8      | Learned a level 4 spell: Leda's Liquefaction
  6849 | D:8      | Learned a level 7 spell: Monstrous Menagerie
  6850 | D:8      | Found a staircase to the Lair.
  6854 | D:8      | XOM: divination: detect items
  6873 | D:8      | Demolished by a komodo dragon

Illustrated notes

Levels and vault maps discovered:
D:1:      eino_arrival_water_cross, layout_rooms, minmay_pentomino_u2
D:2:      layout_basic, minmay_misc_feat_room, hex_intersection
D:3:      layout_rooms, mainiacjoe_overflow_chevrons, kennysheep_generic_room_5,
          uniq_natasha, uniq_terence, uniq_robin
D:4:      layout_layer_cave, kennysheep_mini, temple_fountains
D:5:      layout_basic, mainiacjoe_overflow_boulevard,
          mainiacjoe_sewer_entry_somewhere_in_here_2
D:6:      layout_rooms, overflow_temple_1_default, gammafunk_ghost_icy,
          grunt_ministairs_13, uniq_grinder
D:7:      layout_gridville, mainiacjoe_overflow_six_doors_small, uniq_maurice
D:8:      layout_rooms, lightli_temple_of_fire, david_lair_shrubbed,
          serial_shops, kennysheep_little_box, kennysheep_generic_room_10
Temple:   nicolae_temple_hex_pool

Skill      XL: |  1  2  3  4  5  6  7  8  9 |
---------------+----------------------------+-----
Dodging        | 1 2 3 4 |  4.3
Armour         | 2 3 4 |  4.7
Polearms       | 1 2 3 4 |  4.2
Stealth        | 1 2 3 |  3.1
Alchemy        | 1 2 3 |  3.2
Evocations     | 1 2 3 |  3.9
Throwing       | 1 2 |  2.9
Spellcasting   | 1 2 |  2.6
Necromancy     | 1 2 3 |  3.0
Axes           | 4 5 |  5.7
Fighting       | 4 5 |  5.9
Unarmed Combat | 1 |  1.4
Summonings     | |  0.1
Earth Magic    | |  0.1

Action                     |  1- 3 |  4- 6 |  7- 9 | 10-12 || total
---------------------------+-------+-------+-------+-------++-------
  Melee: Hand axe          |    59 |    61 |    55 |       ||   175
         Dagger            |    46 |       |       |       ||    46
         Mace              |     8 |    66 |   154 |    13 ||   241
         Spear             |       |       |   116 |    17 ||   133
         Headbutt          |       |       |    17 |     7 ||    24
  Evoke: Wand              |       |       |     3 |     1 ||     4
    Use: Potion            |       |     3 |     6 |       ||     9
         Scroll            |       |     1 |    16 |       ||    17
   Stab: Sleeping          |     1 |     1 |       |       ||     2
         Paralysed         |       |     2 |     6 |       ||     8
         Petrifying        |       |     1 |       |       ||     1
         Confused          |       |     1 |     1 |       ||     2
 Armour: Leather armour    |    43 |     2 |       |       ||    45
         Chain mail        |       |    58 |   172 |     8 ||   238
  Dodge: Dodged            |    35 |    36 |    80 |     5 ||   156
  Block: Other             |       |    12 |    39 |     3 ||    54

Table legend: (Time is in decaauts)
 A = Elapsed time spent in this place.
 B = Non-inter-level travel time spent in this place.
 C = Inter-level travel time spent in this place.
 D = Time resting spent in this place.
 E = Time spent auto-exploring this place.
 F = Levels seen in this place.
 G = Mean time per level.
                   A        B        C        D        E       F      G
               +--------+--------+--------+--------+--------+-----+--------+
         Total |   6902 |   6441 |    461 |    430 |   4787 |  10 |  690.2 |
       Dungeon |   6595 |   6135 |    460 |    430 |   4569 |   8 |  824.4 |
        Temple |      1 |      1 |      0 |      0 |      0 |   1 |    1.0 |
         Sewer |    305 |    305 |      0 |      0 |    217 |   1 |  305.0 |
               +--------+--------+--------+--------+--------+-----+--------+

Top non-repeatable levels by time:
     D:2: 1144 daAuts
     D:7: 1125 daAuts
     D:5: 973 daAuts
     D:4: 956 daAuts
     D:3: 798 daAuts
     D:6: 714 daAuts
     D:8: 477 daAuts
     D:1: 406 daAuts
   Sewer: 305 daAuts
  Temple: 1 daAuts
